[ AOE2 MATCH · #480701747 ]
Team RMPersians vs Hindustanis
[ REPLAY ANALYSIS · EXTRACTED FROM THE RECORDED GAME ]
Feudal
11:42
Castle
18:04
Imperial
33:15
| APM avg | 16.2 |
| APM peak | 44 |
| eAPM avg | 13.6 |
| Villagers / military | 105 / 307 |
Focus
⚔️ 50.7% · 🌾 49.3%
Archer ×158 · War Elephant ×74 · Knight ×49 · Cavalry Archer ×26 · Trade Cart ×15
Feudal
10:44
Castle
26:41
Imperial
48:40
| APM avg | 19.1 |
| APM peak | 57 |
| eAPM avg | 12.2 |
| Villagers / military | 144 / 288 |
Focus
⚔️ 32.5% · 🌾 67.5%
Skirmisher ×81 · Ghulam ×70 · Spearman ×60 · Hand Cannoneer ×40 · Trade Cart ×26 · Scout Cavalry ×19
Feudal
13:25
Castle
19:39
Imperial
40:58
| APM avg | 11.4 |
| APM peak | 73 |
| eAPM avg | 11.0 |
| Villagers / military | 103 / 317 |
Focus
⚔️ 57.8% · 🌾 42.2%
Skirmisher ×123 · Cavalry Archer ×61 · Conquistador ×43 · Archer ×39 · Spearman ×21 · Militia ×11
Feudal
18:12
Castle
20:52
Imperial
33:58
| APM avg | 23.9 |
| APM peak | 68 |
| eAPM avg | 15.4 |
| Villagers / military | 158 / 334 |
Focus
⚔️ 36.9% · 🌾 63.1%
Spearman ×96 · Ballista Elephant ×88 · Battle Elephant ×84 · Scout Cavalry ×57 · Trebuchet (Packed) ×9
Feudal
13:21
Castle
19:20
Imperial
37:39
| APM avg | 17.7 |
| APM peak | 55 |
| eAPM avg | 10.0 |
| Villagers / military | 42 / 117 |
Focus
⚔️ 31.1% · 🌾 68.9%
Spearman ×73 · Trade Cart ×24 · Organ Gun ×23 · Knight ×7 · Archer ×3 · Skirmisher ×3
Feudal
13:19
Castle
22:14
Imperial
28:23
| APM avg | 32.1 |
| APM peak | 66 |
| eAPM avg | 20.1 |
| Villagers / military | 159 / 189 |
Focus
⚔️ 35.9% · 🌾 64.1%
Hand Cannoneer ×137 · Bombard Cannon ×46 · Trade Cart ×9 · Monk ×6
Feudal
14:08
Castle
25:13
Imperial
43:25
| APM avg | 6.9 |
| APM peak | 25 |
| eAPM avg | 5.5 |
| Villagers / military | 54 / 124 |
Focus
⚔️ 38.9% · 🌾 61.1%
Boyar ×111 · Trade Cart ×17 · Knight ×8 · Militia ×3 · Archer ×2
Feudal
11:23
Castle
15:58
Imperial
39:37
| APM avg | 11.6 |
| APM peak | 43 |
| eAPM avg | 8.4 |
| Villagers / military | 123 / 90 |
Focus
⚔️ 26.7% · 🌾 73.3%
Spearman ×48 · Ballista Elephant ×33 · Trade Cart ×11 · Battle Elephant ×7 · Monk ×1 · Scout Cavalry ×1
Match map
Initial resources + every placement click. Lines = walls · curves = elevation contours. ◆ gold · ⬟ stone · ● berries · ✦ relic · ◌ wall gap
Your base· ✓ Closed at 18:04 · 0t walls · 2 gate(s)
Топор_в_гитаре's base· ✓ Closed at 26:41 · 9t walls · 3 gate(s)
Olkkeu.'s base· ✓ Closed at 19:39 · 0t walls · 2 gate(s)
MC0LEE's base· ✓ Closed at 20:52 · 0t walls · 2 gate(s)
d.riverariveros's base· ✓ Closed at 19:20 · 0t walls · 3 gate(s)
jpgoicochea6's base· ✓ Closed at 22:14 · 0t walls · 3 gate(s)
snogivgolovu's base· ✓ Closed at 25:13 · 12t walls · 2 gate(s)
PapaJohnAppreciatesYa's base· ✓ Closed at 15:58 · 0t walls · 3 gate(s)
Smoothed initial terrain · ◌ = detected wall gap · hover for details
Inputs per minute
— kenyi.yoshino - - Топор_в_гитаре
Build order — kenyi.yoshino
First 150 of 570 actions detected
| 0:03 | Create | Villager (Male) |
| 0:03 | Create | Villager (Male) |
| 0:03 | Create | Villager (Male) |
| 0:07 | Build | House |
| 0:09 | Build | House |
| 0:28 | Create | Villager (Male) |
| 0:28 | Create | Villager (Male) |
| 0:29 | Create | Villager (Male) |
| 1:32 | Create | Villager (Male) |
| 2:07 | Create | Villager (Male) |
| 2:07 | Create | Villager (Male) |
| 2:08 | Create | Villager (Male) |
| 2:29 | Create | Villager (Male) |
| 2:43 | Create | Villager (Male) |
| 3:08 | Create | Villager (Male) |
| 3:24 | Build | House |
| 3:25 | Build | House |
| 3:27 | Build | House |
| 3:31 | Build | House |
| 3:41 | Create | Villager (Male) |
| 3:52 | Create | Villager (Male) |
| 3:58 | Create | Villager (Male) |
| 4:37 | Build | Lumber Camp |
| 4:51 | Create | Villager (Male) |
| 4:51 | Create | Villager (Male) |
| 5:31 | Create | Villager (Male) |
| 5:32 | Create | Villager (Male) |
| 5:32 | Create | Villager (Male) |
| 5:46 | Create | Villager (Male) |
| 6:59 | Create | Villager (Male) |
| 6:59 | Create | Villager (Male) |
| 7:50 | Create | Villager (Male) |
| 8:32 | Create | Villager (Male) |
| 8:33 | Create | Villager (Male) |
| 8:44 | Build | Mill |
| 9:20 | Build | Farm |
| 9:22 | Build | Farm |
| 9:24 | Build | Farm |
| 9:26 | Research | Feudal Age |
| 9:31 | Build | Farm |
| 9:33 | Build | Farm |
| 9:35 | Build | Farm |
| 9:37 | Build | Farm |
| 9:45 | Build | Farm |
| 9:56 | Build | Farm |
| 9:59 | Build | Farm |
| 10:05 | Create | Villager (Male) |
| 10:05 | Create | Villager (Male) |
| 10:14 | Build | Farm |
| 10:26 | Create | Villager (Male) |
| 10:26 | Create | Villager (Male) |
| 10:42 | Build | Mining Camp |
| 10:57 | Create | Villager (Male) |
| 10:57 | Create | Villager (Male) |
| 11:18 | Build | Farm |
| 11:24 | Build | Farm |
| 11:42 | Age | Feudal Age |
| 11:44 | Research | Double-Bit Axe |
| 11:47 | Research | Horse Collar |
| 11:52 | Research | Gold Mining |
| 12:07 | Build | Farm |
| 12:12 | Create | Villager (Male) |
| 12:31 | Build | House |
| 12:35 | Build | House |
| 12:39 | Build | House |
| 12:49 | Research | Wheelbarrow |
| 12:51 | Create | Villager (Male) |
| 12:51 | Create | Villager (Male) |
| 13:28 | Build | Market |
| 13:51 | Build | Farm |
| 14:11 | Build | Blacksmith |
| 14:22 | Create | Villager (Male) |
| 14:22 | Create | Villager (Male) |
| 14:30 | Build | Farm |
| 14:44 | Build | Farm |
| 15:09 | Create | Villager (Male) |
| 15:10 | Create | Villager (Male) |
| 15:11 | Create | Villager (Male) |
| 15:31 | Research | Castle Age |
| 15:46 | Create | Villager (Male) |
| 15:47 | Create | Villager (Male) |
| 15:47 | Create | Villager (Male) |
| 16:15 | Build | Barracks |
| 16:26 | Build | House |
| 16:30 | Build | House |
| 16:32 | Build | House |
| 16:43 | Create | Villager (Male) |
| 16:43 | Create | Villager (Male) |
| 16:44 | Create | Villager (Male) |
| 17:03 | Create | Trade Cart |
| 17:03 | Create | Trade Cart |
| 17:08 | Create | Trade Cart |
| 17:32 | Research | Scale Barding Armor |
| 17:34 | Research | Forging |
| 17:48 | Build | Stable |
| 18:04 | Age | Castle Age |
| 18:07 | Research | Bow Saw |
| 18:14 | Research | Heavy Plow |
| 19:21 | Build | Town Center |
| 19:32 | Research | Gold Shaft Mining |
| 19:40 | Build | Farm |
| 20:18 | Build | House |
| 20:20 | Build | House |
| 20:22 | Build | House |
| 20:46 | Build | Farm |
| 21:08 | Create | Villager (Male) |
| 21:08 | Create | Villager (Male) |
| 21:08 | Create | Villager (Male) |
| 21:08 | Create | Villager (Male) |
| 21:09 | Create | Villager (Male) |
| 21:21 | Create | Trade Cart |
| 21:36 | Create | Villager (Male) |
| 21:36 | Create | Villager (Male) |
| 21:36 | Create | Villager (Male) |
| 21:36 | Create | Villager (Male) |
| 21:42 | Create | Villager (Male) |
| 21:42 | Create | Villager (Male) |
| 21:43 | Create | Villager (Male) |
| 22:13 | Build | University |
| 22:31 | Build | Siege Workshop |
| 22:44 | Create | Villager (Male) |
| 22:44 | Create | Villager (Male) |
| 22:44 | Create | Villager (Male) |
| 22:44 | Create | Villager (Male) |
| 22:58 | Build | Stable |
| 23:02 | Build | Farm |
| 23:08 | Research | Chain Barding Armor |
| 23:09 | Research | Iron Casting |
| 23:16 | Create | Trade Cart |
| 23:17 | Create | Trade Cart |
| 23:25 | Research | Husbandry |
| 23:35 | Research | Stone Mining |
| 23:52 | Build | Mining Camp |
| 24:06 | Create | Villager (Male) |
| 24:06 | Create | Villager (Male) |
| 24:06 | Create | Villager (Male) |
| 24:20 | Build | Mining Camp |
| 24:30 | Build | Farm |
| 24:44 | Build | Stable |
| 24:47 | Build | House |
| 24:49 | Build | House |
| 24:52 | Build | House |
| 24:53 | Build | House |
| 24:56 | Build | House |
| 25:01 | Research | Ballistics |
| 25:05 | Create | Villager (Male) |
| 25:06 | Create | Villager (Male) |
| 25:06 | Create | Villager (Male) |
| 25:06 | Create | Villager (Male) |
| 25:21 | Create | Villager (Male) |
Build order — Топор_в_гитаре
First 150 of 298 actions detected
| 0:07 | Build | House |
| 0:10 | Create | Villager (Male) ×4 |
| 0:35 | Build | Mill |
| 1:38 | Create | Villager (Male) |
| 1:38 | Create | Villager (Male) |
| 2:19 | Create | Villager (Male) |
| 2:29 | Build | House |
| 2:43 | Research | Loom |
| 2:47 | Create | Villager (Male) |
| 3:20 | Create | Villager (Male) |
| 3:58 | Create | Villager (Male) ×2 |
| 4:34 | Build | House |
| 4:40 | Create | Villager (Male) ×4 |
| 6:25 | Create | Villager (Male) |
| 6:26 | Create | Villager (Male) |
| 6:46 | Build | House |
| 7:01 | Build | Lumber Camp |
| 7:19 | Create | Villager (Male) |
| 7:42 | Create | Villager (Male) |
| 7:42 | Create | Villager (Male) |
| 8:14 | Build | Mill |
| 8:30 | Research | Feudal Age |
| 8:44 | Build | Mining Camp |
| 10:14 | Create | Villager (Male) |
| 10:14 | Create | Villager (Male) |
| 10:15 | Create | Villager (Male) |
| 10:44 | Age | Feudal Age |
| 10:49 | Research | Horse Collar |
| 10:54 | Research | Double-Bit Axe |
| 11:13 | Build | Palisade Wall |
| 11:22 | Build | Mill |
| 11:41 | Build | House |
| 11:42 | Build | House |
| 11:47 | Research | Wheelbarrow |
| 11:57 | Research | Gold Mining |
| 12:35 | Build | Palisade Wall |
| 12:53 | Build | Lumber Camp |
| 13:07 | Create | Villager (Male) |
| 13:07 | Create | Villager (Male) |
| 13:37 | Build | Farm |
| 13:40 | Build | Farm |
| 13:50 | Build | Blacksmith |
| 14:02 | Create | Villager (Male) |
| 14:02 | Create | Villager (Male) |
| 14:06 | Build | Farm |
| 14:19 | Build | Lumber Camp |
| 14:25 | Create | Villager (Male) |
| 14:25 | Create | Villager (Male) |
| 14:32 | Build | Watch Tower |
| 15:32 | Create | Villager (Male) |
| 15:33 | Create | Villager (Male) |
| 15:37 | Research | Stone Mining |
| 15:47 | Build | Mining Camp |
| 15:59 | Build | Farm |
| 16:14 | Build | Farm |
| 16:33 | Create | Villager (Male) ×4 |
| 16:40 | Build | Farm |
| 17:13 | Build | Mill |
| 17:19 | Build | Farm |
| 17:29 | Build | House |
| 17:40 | Research | Town Watch |
| 17:45 | Create | Villager (Male) ×5 |
| 19:54 | Build | Farm |
| 20:14 | Build | Farm |
| 20:19 | Create | Villager (Male) ×5 |
| 20:33 | Build | House |
| 20:34 | Build | House |
| 20:42 | Create | Villager (Male) |
| 20:42 | Create | Villager (Male) |
| 20:54 | Build | Barracks |
| 20:55 | Build | Barracks |
| 21:08 | Build | Barracks |
| 21:41 | Build | Farm |
| 21:50 | Create | Villager (Male) ×5 |
| 21:57 | Build | Farm |
| 22:57 | Build | Market |
| 22:58 | Build | Market |
| 23:23 | Build | Farm |
| 23:30 | Build | Farm |
| 23:31 | Build | Farm |
| 23:49 | Build | Archery Range |
| 23:51 | Build | Archery Range |
| 24:02 | Research | Castle Age |
| 24:11 | Create | Trade Cart ×5 |
| 24:33 | Build | Lumber Camp |
| 24:45 | Build | Blacksmith |
| 24:57 | Create | Trade Cart ×2 |
| 25:12 | Build | House |
| 25:14 | Build | House |
| 25:43 | Create | Skirmisher ×4 |
| 25:43 | Create | Skirmisher ×4 |
| 25:43 | Create | Skirmisher |
| 25:54 | Build | Watch Tower |
| 26:32 | Build | Mining Camp |
| 26:41 | Age | Castle Age |
| 26:54 | Research | Hand Cart |
| 27:07 | Build | Town Center |
| 27:25 | Create | Villager (Male) ×5 |
| 27:34 | Research | Fletching |
| 27:35 | Research | Padded Archer Armor |
| 27:38 | Research | Scale Barding Armor |
| 27:54 | Build | Mining Camp |
| 28:50 | Create | Villager (Male) ×5 |
| 28:51 | Create | Villager (Male) ×5 |
| 29:17 | Research | Pikeman (upgrade) |
| 29:17 | Research | Squires |
| 29:18 | Create | Spearman ×5 |
| 29:36 | Research | Chain Barding Armor |
| 29:53 | Build | Stable |
| 29:53 | Build | Stable |
| 30:01 | Build | Castle |
| 30:08 | Create | Villager (Male) ×5 |
| 30:16 | Build | Farm |
| 30:17 | Build | Farm |
| 30:18 | Build | Farm |
| 30:21 | Research | Caravan |
| 30:22 | Create | Trade Cart ×4 |
| 30:29 | Create | Militia ×5 |
| 30:36 | Create | Spearman ×5 |
| 30:42 | Research | Husbandry |
| 30:42 | Research | Bloodlines |
| 31:04 | Build | Town Center |
| 31:23 | Research | Light Cavalry (upgrade) |
| 31:50 | Research | Bow Saw |
| 31:52 | Research | Heavy Plow |
| 32:22 | Create | Scout Cavalry ×2 |
| 32:37 | Build | Stable |
| 32:38 | Build | Stable |
| 33:10 | Create | Villager (Male) ×5 |
| 33:11 | Create | Villager (Male) ×5 |
| 33:23 | Build | Farm |
| 33:24 | Build | Farm |
| 33:25 | Build | Farm |
| 34:22 | Create | Scout Cavalry ×5 |
| 34:38 | Create | Villager (Male) ×5 |
| 34:45 | Build | Farm |
| 34:51 | Create | Villager (Male) |
| 34:53 | Create | Villager (Male) |
| 34:53 | Create | Villager (Male) |
| 35:03 | Create | Trade Cart ×5 |
| 35:09 | Build | Farm |
| 35:18 | Build | House |
| 35:18 | Build | House |
| 35:20 | Build | House |
| 35:21 | Build | House |
| 35:21 | Build | House |
| 36:14 | Create | Villager (Male) ×5 |
| 36:14 | Create | Villager (Male) ×5 |
| 36:14 | Create | Villager (Male) ×5 |
| 36:52 | Research | Leather Archer Armor |
Build order — Olkkeu.
First 150 of 581 actions detected
| 0:23 | Build | House |
| 0:26 | Build | House |
| 0:28 | Build | House |
| 0:34 | Create | Villager (Male) |
| 0:35 | Create | Villager (Male) |
| 0:35 | Create | Villager (Male) |
| 0:35 | Create | Villager (Male) |
| 0:43 | Research | Loom |
| 2:43 | Create | Villager (Male) |
| 3:49 | Create | Villager (Male) |
| 3:49 | Create | Villager (Male) |
| 4:06 | Create | Villager (Male) |
| 4:56 | Create | Villager (Male) |
| 4:56 | Create | Villager (Male) |
| 5:31 | Build | Lumber Camp |
| 5:36 | Build | Mill |
| 5:42 | Create | Villager (Male) |
| 5:42 | Create | Villager (Male) |
| 6:28 | Create | Villager (Male) |
| 6:28 | Create | Villager (Male) |
| 6:28 | Create | Villager (Male) |
| 6:29 | Create | Villager (Male) |
| 7:12 | Create | Villager (Male) |
| 7:18 | Build | House |
| 7:22 | Build | House |
| 7:53 | Create | Villager (Male) |
| 8:13 | Create | Villager (Male) |
| 8:23 | Create | Villager (Male) |
| 8:52 | Build | Mining Camp |
| 9:33 | Create | Villager (Male) |
| 9:51 | Build | Farm |
| 11:15 | Research | Feudal Age |
| 11:16 | Research | Feudal Age |
| 11:30 | Create | Villager (Male) |
| 11:30 | Create | Villager (Male) |
| 11:54 | Build | Farm |
| 13:25 | Age | Feudal Age |
| 13:29 | Build | Blacksmith |
| 13:35 | Build | Market |
| 13:38 | Build | Market |
| 13:57 | Create | Villager (Male) |
| 14:01 | Create | Villager (Male) |
| 14:01 | Create | Villager (Male) |
| 14:12 | Build | Farm |
| 14:32 | Build | Mill |
| 14:47 | Create | Villager (Male) |
| 15:01 | Build | House |
| 15:10 | Build | House |
| 15:12 | Build | House |
| 16:59 | Research | Castle Age |
| 17:00 | Research | Castle Age |
| 18:21 | Build | Farm |
| 18:27 | Create | Villager (Male) |
| 18:27 | Create | Villager (Male) |
| 19:09 | Build | Farm |
| 19:13 | Build | Farm |
| 19:17 | Build | Farm |
| 19:22 | Build | Farm |
| 19:27 | Build | Farm |
| 19:34 | Build | Farm |
| 19:39 | Age | Castle Age |
| 19:40 | Build | Farm |
| 19:53 | Build | Town Center |
| 20:22 | Build | Town Center |
| 20:46 | Research | Wheelbarrow |
| 20:55 | Create | Villager (Male) |
| 20:56 | Create | Villager (Male) |
| 20:56 | Create | Villager (Male) |
| 20:56 | Create | Villager (Male) |
| 21:37 | Research | Scale Mail Armor |
| 21:38 | Research | Forging |
| 21:38 | Research | Fletching |
| 21:39 | Research | Padded Archer Armor |
| 21:40 | Research | Scale Barding Armor |
| 21:43 | Create | Villager (Male) |
| 21:43 | Create | Villager (Male) |
| 22:53 | Create | Villager (Male) |
| 22:53 | Create | Villager (Male) |
| 22:53 | Create | Villager (Male) |
| 22:54 | Create | Villager (Male) |
| 22:54 | Create | Villager (Male) |
| 22:54 | Create | Villager (Male) |
| 22:54 | Create | Villager (Male) |
| 22:54 | Create | Villager (Male) |
| 23:07 | Build | Farm |
| 23:12 | Build | Farm |
| 23:17 | Build | Farm |
| 23:25 | Research | Horse Collar |
| 23:31 | Create | Villager (Male) |
| 23:31 | Create | Villager (Male) |
| 23:40 | Build | Farm |
| 23:51 | Build | Farm |
| 23:59 | Build | Farm |
| 24:04 | Build | Farm |
| 24:10 | Create | Villager (Male) |
| 24:10 | Create | Villager (Male) |
| 24:10 | Create | Villager (Male) |
| 24:10 | Create | Villager (Male) |
| 24:23 | Build | Farm |
| 24:29 | Build | Farm |
| 24:36 | Build | Farm |
| 24:44 | Build | Farm |
| 24:50 | Build | Farm |
| 24:56 | Build | Farm |
| 24:58 | Create | Villager (Male) |
| 24:58 | Create | Villager (Male) |
| 24:58 | Create | Villager (Male) |
| 24:58 | Create | Villager (Male) |
| 24:59 | Create | Villager (Male) |
| 24:59 | Create | Villager (Male) |
| 24:59 | Create | Villager (Male) |
| 25:00 | Create | Villager (Male) |
| 25:08 | Build | House |
| 25:09 | Build | House |
| 25:10 | Build | House |
| 25:12 | Build | House |
| 25:15 | Build | House |
| 25:16 | Build | House |
| 25:17 | Build | House |
| 25:19 | Build | House |
| 25:24 | Research | Double-Bit Axe |
| 25:41 | Create | Villager (Male) |
| 25:41 | Create | Villager (Male) |
| 25:41 | Create | Villager (Male) |
| 25:41 | Create | Villager (Male) |
| 25:42 | Create | Villager (Male) |
| 25:51 | Build | Mining Camp |
| 26:08 | Build | House |
| 26:10 | Build | House |
| 26:11 | Build | House |
| 26:14 | Build | House |
| 26:15 | Build | House |
| 26:15 | Build | House |
| 26:16 | Build | House |
| 26:27 | Create | Villager (Male) |
| 26:28 | Create | Villager (Male) |
| 26:28 | Create | Villager (Male) |
| 26:28 | Create | Villager (Male) |
| 26:28 | Create | Villager (Male) |
| 26:29 | Create | Villager (Male) |
| 26:29 | Create | Villager (Male) |
| 26:29 | Create | Villager (Male) |
| 26:29 | Create | Villager (Male) |
| 26:30 | Create | Villager (Male) |
| 26:45 | Research | Stone Mining |
| 27:13 | Build | Barracks |
| 27:20 | Research | Iron Casting |
| 27:21 | Research | Leather Archer Armor |
| 27:27 | Create | Villager (Male) |
| 27:27 | Create | Villager (Male) |
Build order — MC0LEE
First 150 of 559 actions detected
| 0:02 | Research | Loom |
| 0:02 | Create | Villager (Male) |
| 0:10 | Build | House |
| 0:11 | Build | House |
| 0:11 | Build | House |
| 0:12 | Build | House |
| 0:19 | Create | Villager (Male) |
| 0:19 | Create | Villager (Male) |
| 0:19 | Create | Villager (Male) |
| 0:20 | Create | Villager (Male) |
| 1:47 | Create | Villager (Male) |
| 1:47 | Create | Villager (Male) |
| 2:00 | Build | House |
| 2:00 | Build | House |
| 2:01 | Build | House |
| 2:02 | Build | House |
| 2:07 | Build | House |
| 2:20 | Create | Villager (Male) |
| 2:21 | Create | Villager (Male) |
| 2:47 | Create | Villager (Male) |
| 2:47 | Create | Villager (Male) |
| 3:30 | Create | Villager (Male) |
| 3:30 | Create | Villager (Male) |
| 3:31 | Create | Villager (Male) |
| 3:52 | Create | Villager (Male) |
| 3:52 | Create | Villager (Male) |
| 4:10 | Create | Villager (Male) |
| 4:10 | Create | Villager (Male) |
| 4:42 | Create | Villager (Male) |
| 4:42 | Create | Villager (Male) |
| 5:15 | Create | Villager (Male) |
| 5:16 | Create | Villager (Male) |
| 5:16 | Create | Villager (Male) |
| 5:37 | Create | Villager (Male) |
| 5:37 | Create | Villager (Male) |
| 5:57 | Create | Villager (Male) |
| 6:24 | Create | Villager (Male) |
| 6:25 | Create | Villager (Male) |
| 6:26 | Create | Villager (Male) |
| 6:26 | Create | Villager (Male) |
| 6:27 | Create | Villager (Male) |
| 7:01 | Create | Villager (Male) |
| 7:02 | Create | Villager (Male) |
| 7:02 | Create | Villager (Male) |
| 7:42 | Create | Villager (Male) |
| 7:42 | Create | Villager (Male) |
| 7:42 | Create | Villager (Male) |
| 7:43 | Create | Villager (Male) |
| 8:20 | Build | Lumber Camp |
| 8:27 | Create | Villager (Male) |
| 9:16 | Build | Lumber Camp |
| 9:18 | Create | Villager (Male) |
| 9:18 | Create | Villager (Male) |
| 9:28 | Create | Villager (Male) |
| 9:28 | Create | Villager (Male) |
| 9:28 | Create | Villager (Male) |
| 9:49 | Create | Villager (Male) |
| 10:03 | Create | Villager (Male) |
| 10:03 | Create | Villager (Male) |
| 10:11 | Build | Mill |
| 10:19 | Create | Villager (Male) |
| 10:19 | Create | Villager (Male) |
| 10:27 | Build | Mining Camp |
| 10:36 | Build | Mining Camp |
| 12:21 | Create | Villager (Male) |
| 12:22 | Create | Villager (Male) |
| 12:22 | Create | Villager (Male) |
| 12:22 | Create | Villager (Male) |
| 12:22 | Create | Villager (Male) |
| 12:27 | Build | Farm |
| 12:28 | Build | Farm |
| 12:28 | Build | Farm |
| 12:29 | Build | Farm |
| 12:31 | Build | Farm |
| 12:32 | Build | Farm |
| 12:33 | Build | Farm |
| 12:34 | Build | Farm |
| 12:36 | Build | Farm |
| 12:37 | Build | Farm |
| 12:38 | Build | Farm |
| 12:44 | Build | Farm |
| 13:00 | Build | Farm |
| 13:01 | Build | Farm |
| 13:03 | Build | Farm |
| 13:04 | Build | Farm |
| 13:06 | Build | Farm |
| 13:07 | Build | Farm |
| 15:01 | Research | Feudal Age |
| 15:38 | Build | House |
| 15:39 | Build | House |
| 15:40 | Build | House |
| 15:41 | Build | House |
| 15:42 | Build | House |
| 15:45 | Build | House |
| 15:46 | Build | House |
| 15:46 | Build | House |
| 15:47 | Build | House |
| 15:48 | Build | House |
| 15:50 | Build | House |
| 15:52 | Build | House |
| 15:53 | Build | House |
| 15:54 | Build | House |
| 15:55 | Build | House |
| 15:56 | Build | House |
| 15:58 | Build | House |
| 16:00 | Build | House |
| 16:01 | Build | House |
| 18:12 | Age | Feudal Age |
| 18:12 | Research | Castle Age |
| 18:12 | Research | Castle Age |
| 18:13 | Research | Double-Bit Axe |
| 18:14 | Research | Horse Collar |
| 18:15 | Research | Stone Mining |
| 18:17 | Research | Gold Mining |
| 20:07 | Create | Villager (Male) |
| 20:08 | Create | Villager (Male) |
| 20:13 | Create | Villager (Male) |
| 20:14 | Create | Villager (Male) |
| 20:36 | Create | Villager (Male) |
| 20:38 | Create | Villager (Male) |
| 20:52 | Age | Castle Age |
| 20:55 | Build | Town Center |
| 20:56 | Research | Bow Saw |
| 21:05 | Build | Town Center |
| 21:13 | Build | Town Center |
| 21:13 | Research | Gold Shaft Mining |
| 21:15 | Research | Heavy Plow |
| 21:19 | Research | Stone Shaft Mining |
| 21:22 | Create | Villager (Male) |
| 21:23 | Create | Villager (Male) |
| 21:24 | Create | Villager (Male) |
| 22:28 | Build | Farm |
| 22:32 | Create | Villager (Male) |
| 22:33 | Create | Villager (Male) |
| 22:33 | Create | Villager (Male) |
| 22:33 | Create | Villager (Male) |
| 22:34 | Create | Villager (Male) |
| 22:37 | Create | Villager (Male) |
| 22:37 | Create | Villager (Male) |
| 22:45 | Create | Villager (Male) |
| 22:46 | Create | Villager (Male) |
| 22:46 | Create | Villager (Male) |
| 22:46 | Create | Villager (Male) |
| 22:47 | Create | Villager (Male) |
| 22:47 | Create | Villager (Male) |
| 22:48 | Create | Villager (Male) |
| 22:48 | Create | Villager (Male) |
| 22:48 | Create | Villager (Male) |
| 22:52 | Build | Farm |
| 23:08 | Create | Villager (Male) |
Build order — d.riverariveros
First 150 of 283 actions detected
| 0:03 | Build | House |
| 0:05 | Build | House |
| 0:06 | Build | House |
| 0:07 | Create | Villager (Male) |
| 0:07 | Create | Villager (Male) |
| 0:07 | Create | Villager (Male) |
| 0:08 | Create | Villager (Male) |
| 1:49 | Create | Villager (Male) |
| 2:33 | Create | Villager (Male) |
| 3:03 | Create | Villager (Male) |
| 3:26 | Create | Villager (Male) |
| 3:43 | Create | Villager (Male) |
| 3:43 | Create | Villager (Male) |
| 4:23 | Create | Villager (Male) |
| 4:39 | Create | Villager (Male) |
| 5:05 | Build | Mining Camp |
| 5:33 | Create | Villager (Male) |
| 5:34 | Create | Villager (Male) |
| 6:16 | Create | Villager (Male) |
| 6:39 | Create | Villager (Male) |
| 7:05 | Create | Villager (Male) |
| 7:45 | Build | Lumber Camp |
| 8:44 | Build | House |
| 9:54 | Build | House |
| 9:56 | Build | House |
| 11:12 | Research | Feudal Age |
| 12:27 | Build | Outpost |
| 12:52 | Create | Villager (Male) |
| 12:52 | Create | Villager (Male) |
| 12:52 | Create | Villager (Male) |
| 12:52 | Create | Villager (Male) |
| 13:20 | Build | Outpost |
| 13:21 | Age | Feudal Age |
| 13:40 | Build | Mill |
| 13:49 | Build | Blacksmith |
| 14:07 | Build | Barracks |
| 14:15 | Build | Mining Camp |
| 14:19 | Create | Villager (Male) |
| 14:19 | Create | Villager (Male) |
| 14:56 | Build | Market |
| 15:12 | Build | Archery Range |
| 16:19 | Build | Watch Tower |
| 16:40 | Research | Castle Age |
| 16:43 | Create | Trade Cart |
| 16:43 | Create | Trade Cart |
| 16:43 | Create | Trade Cart |
| 16:52 | Create | Archer |
| 16:54 | Create | Spearman |
| 17:50 | Create | Archer |
| 17:51 | Create | Skirmisher |
| 18:42 | Create | Spearman |
| 18:54 | Create | Trade Cart |
| 19:20 | Age | Castle Age |
| 19:20 | Create | Villager (Male) |
| 19:21 | Create | Villager (Male) |
| 19:29 | Create | Skirmisher |
| 19:32 | Create | Skirmisher |
| 19:33 | Create | Archer |
| 20:09 | Build | Castle |
| 20:24 | Build | House |
| 20:27 | Build | House |
| 20:44 | Create | Villager (Male) |
| 20:44 | Create | Villager (Male) |
| 20:53 | Create | Trade Cart |
| 21:53 | Build | Farm |
| 21:55 | Build | Farm |
| 21:57 | Build | Farm |
| 22:24 | Research | Town Watch |
| 22:29 | Create | Villager (Male) |
| 22:35 | Build | Farm |
| 23:25 | Create | Organ Gun |
| 23:25 | Create | Organ Gun |
| 23:25 | Create | Organ Gun |
| 24:04 | Create | Organ Gun |
| 24:22 | Create | Villager (Male) |
| 24:22 | Create | Villager (Male) |
| 24:25 | Create | Villager (Male) |
| 24:53 | Create | Spearman |
| 25:28 | Build | Farm |
| 25:29 | Build | Farm |
| 25:33 | Create | Trade Cart |
| 26:49 | Create | Organ Gun |
| 26:57 | Build | Farm |
| 27:00 | Create | Villager (Male) |
| 27:27 | Create | Trade Cart |
| 27:43 | Research | Double-Bit Axe |
| 27:46 | Research | Wheelbarrow |
| 28:12 | Build | Siege Workshop |
| 29:03 | Create | Battering Ram |
| 29:04 | Create | Battering Ram |
| 29:21 | Research | Caravan |
| 29:46 | Create | Militia |
| 31:35 | Create | Trade Cart |
| 31:35 | Create | Trade Cart |
| 31:35 | Create | Trade Cart |
| 31:36 | Create | Trade Cart |
| 31:42 | Create | Villager (Male) |
| 31:43 | Create | Villager (Male) |
| 32:55 | Create | Battering Ram |
| 33:04 | Build | Castle |
| 33:12 | Create | Organ Gun |
| 33:12 | Create | Organ Gun |
| 33:20 | Create | Cavalry Archer |
| 33:21 | Create | Cavalry Archer |
| 33:34 | Build | Farm |
| 34:29 | Research | Imperial Age |
| 34:47 | Build | Stable |
| 34:48 | Build | Stable |
| 35:22 | Build | Stable |
| 35:41 | Create | Knight |
| 35:41 | Create | Knight |
| 35:42 | Create | Knight |
| 36:16 | Create | Knight |
| 36:29 | Build | Stable |
| 36:32 | Create | Knight |
| 36:32 | Create | Knight |
| 37:06 | Create | Knight |
| 37:39 | Age | Imperial Age |
| 38:30 | Build | Town Center |
| 40:21 | Build | Mining Camp |
| 41:18 | Build | Market |
| 41:55 | Create | Trade Cart |
| 41:55 | Create | Trade Cart |
| 41:55 | Create | Trade Cart |
| 41:55 | Create | Trade Cart |
| 42:15 | Create | Trade Cart |
| 42:16 | Create | Trade Cart |
| 42:23 | Build | House |
| 42:25 | Build | House |
| 42:27 | Build | House |
| 42:28 | Build | House |
| 42:30 | Build | House |
| 42:58 | Build | Stone Wall |
| 43:56 | Build | Lumber Camp |
| 44:02 | Create | Trade Cart |
| 44:02 | Create | Trade Cart |
| 44:03 | Create | Trade Cart |
| 44:36 | Build | House |
| 44:37 | Build | House |
| 44:38 | Build | House |
| 44:40 | Build | House |
| 44:42 | Build | House |
| 44:53 | Build | Castle |
| 45:20 | Create | Trade Cart |
| 45:21 | Create | Trade Cart |
| 45:45 | Create | Villager (Male) |
| 45:45 | Create | Villager (Male) |
| 45:45 | Create | Villager (Male) |
| 45:45 | Create | Villager (Male) |
| 46:04 | Build | Stone Wall |
Build order — jpgoicochea6
First 150 of 507 actions detected
| 0:54 | Create | Villager (Male) |
| 0:54 | Create | Villager (Male) |
| 0:54 | Create | Villager (Male) |
| 0:54 | Create | Villager (Male) |
| 0:55 | Create | Villager (Male) |
| 0:55 | Create | Villager (Male) |
| 1:09 | Build | House |
| 1:12 | Build | House |
| 2:43 | Build | Lumber Camp |
| 2:47 | Create | Villager (Male) |
| 2:47 | Create | Villager (Male) |
| 2:47 | Create | Villager (Male) |
| 3:09 | Create | Villager (Male) |
| 4:38 | Create | Villager (Male) |
| 4:38 | Create | Villager (Male) |
| 4:38 | Create | Villager (Male) |
| 4:39 | Create | Villager (Male) |
| 4:39 | Create | Villager (Male) |
| 5:07 | Create | Villager (Male) |
| 5:08 | Create | Villager (Male) |
| 5:08 | Create | Villager (Male) |
| 5:17 | Build | Mining Camp |
| 5:51 | Create | Villager (Male) |
| 6:10 | Research | Loom |
| 6:10 | Create | Villager (Male) |
| 6:27 | Build | Mining Camp |
| 6:39 | Create | Villager (Male) |
| 6:39 | Create | Villager (Male) |
| 6:40 | Create | Villager (Male) |
| 6:40 | Create | Villager (Male) |
| 7:01 | Create | Villager (Male) |
| 7:01 | Create | Villager (Male) |
| 7:02 | Create | Villager (Male) |
| 7:16 | Build | House |
| 7:16 | Build | House |
| 7:18 | Build | House |
| 8:02 | Create | Villager (Male) |
| 8:35 | Build | Mill |
| 8:38 | Create | Villager (Male) |
| 10:06 | Create | Villager (Male) |
| 10:21 | Build | Barracks |
| 11:09 | Research | Feudal Age |
| 12:00 | Create | Villager (Male) |
| 12:00 | Create | Villager (Male) |
| 12:00 | Create | Villager (Male) |
| 12:01 | Create | Villager (Male) |
| 12:01 | Create | Villager (Male) |
| 12:02 | Create | Villager (Male) |
| 12:21 | Build | Farm |
| 12:22 | Build | Farm |
| 12:24 | Build | Farm |
| 12:26 | Build | Farm |
| 12:39 | Build | Farm |
| 12:58 | Create | Villager (Male) |
| 13:00 | Create | Villager (Male) |
| 13:01 | Create | Villager (Male) |
| 13:01 | Create | Villager (Male) |
| 13:01 | Create | Villager (Male) |
| 13:01 | Create | Villager (Male) |
| 13:02 | Create | Villager (Male) |
| 13:19 | Age | Feudal Age |
| 13:55 | Build | Lumber Camp |
| 13:58 | Create | Villager (Male) |
| 13:58 | Create | Villager (Male) |
| 13:59 | Create | Villager (Male) |
| 15:24 | Build | Farm |
| 15:28 | Build | Farm |
| 15:30 | Create | Villager (Male) |
| 16:16 | Create | Villager (Male) |
| 16:20 | Create | Villager (Male) |
| 16:21 | Create | Villager (Male) |
| 16:28 | Build | Archery Range |
| 16:59 | Create | Villager (Male) |
| 17:04 | Build | House |
| 17:06 | Build | House |
| 17:08 | Build | House |
| 17:09 | Build | House |
| 17:11 | Create | Villager (Male) |
| 17:12 | Create | Villager (Male) |
| 17:46 | Create | Villager (Male) |
| 17:52 | Build | Farm |
| 18:19 | Build | Blacksmith |
| 18:25 | Create | Villager (Male) |
| 19:14 | Research | Castle Age |
| 19:35 | Build | Market |
| 20:17 | Create | Villager (Male) |
| 20:41 | Research | Horse Collar |
| 20:44 | Research | Double-Bit Axe |
| 20:52 | Build | Farm |
| 20:54 | Build | Farm |
| 21:03 | Build | Farm |
| 21:05 | Build | Farm |
| 21:45 | Build | Farm |
| 22:11 | Create | Villager (Male) |
| 22:11 | Create | Villager (Male) |
| 22:14 | Age | Castle Age |
| 22:20 | Build | Monastery |
| 22:29 | Build | Lumber Camp |
| 22:36 | Create | Villager (Male) |
| 22:36 | Create | Villager (Male) |
| 23:00 | Build | Siege Workshop |
| 23:16 | Build | Farm |
| 23:18 | Build | Farm |
| 23:28 | Create | Villager (Male) |
| 23:44 | Build | Farm |
| 23:49 | Build | Farm |
| 24:49 | Build | Siege Workshop |
| 25:13 | Research | Imperial Age |
| 25:45 | Build | Town Center |
| 26:02 | Build | Archery Range |
| 26:03 | Build | Archery Range |
| 26:26 | Build | Mining Camp |
| 26:29 | Research | Bow Saw |
| 26:35 | Research | Heavy Plow |
| 26:55 | Research | Wheelbarrow |
| 27:51 | Build | University |
| 28:09 | Create | Villager (Male) |
| 28:09 | Create | Villager (Male) |
| 28:09 | Create | Villager (Male) |
| 28:13 | Create | Villager (Male) |
| 28:14 | Create | Villager (Male) |
| 28:14 | Create | Villager (Male) |
| 28:14 | Create | Villager (Male) |
| 28:14 | Create | Villager (Male) |
| 28:23 | Age | Imperial Age |
| 28:32 | Create | Bombard Cannon |
| 28:32 | Create | Bombard Cannon |
| 28:32 | Create | Bombard Cannon |
| 28:50 | Create | Villager (Male) |
| 29:09 | Build | Town Center |
| 29:15 | Create | Villager (Male) |
| 29:17 | Create | Villager (Male) |
| 29:21 | Build | Lumber Camp |
| 29:30 | Create | Hand Cannoneer |
| 29:30 | Create | Hand Cannoneer |
| 29:30 | Create | Hand Cannoneer |
| 29:30 | Create | Hand Cannoneer |
| 29:31 | Create | Hand Cannoneer |
| 29:31 | Create | Hand Cannoneer |
| 29:59 | Create | Villager (Male) |
| 29:59 | Create | Villager (Male) |
| 30:02 | Create | Villager (Male) |
| 30:02 | Create | Villager (Male) |
| 30:09 | Build | Farm |
| 30:54 | Research | Ballistics |
| 30:58 | Create | Villager (Male) |
| 31:03 | Research | Hand Cart |
| 31:03 | Create | Villager (Male) |
| 31:04 | Create | Villager (Male) |
| 31:07 | Create | Villager (Male) |
Build order — snogivgolovu
First 150 of 272 actions detected
| 0:27 | Create | Villager (Male) |
| 0:29 | Create | Villager (Male) |
| 0:29 | Create | Villager (Male) |
| 0:30 | Create | Villager (Male) |
| 0:30 | Create | Villager (Male) |
| 0:45 | Build | House |
| 0:46 | Build | House |
| 0:48 | Build | House |
| 0:50 | Build | House |
| 2:49 | Create | Villager (Male) |
| 3:23 | Create | Villager (Male) |
| 3:57 | Create | Villager (Male) |
| 4:27 | Create | Villager (Male) |
| 4:56 | Create | Villager (Male) |
| 5:19 | Create | Villager (Male) |
| 5:33 | Create | Villager (Male) |
| 5:52 | Create | Villager (Male) |
| 6:18 | Create | Villager (Male) |
| 6:22 | Create | Villager (Male) |
| 6:50 | Create | Villager (Male) |
| 8:05 | Build | Mill |
| 8:15 | Research | Loom |
| 8:16 | Create | Villager (Male) |
| 8:19 | Create | Villager (Male) |
| 8:19 | Create | Villager (Male) |
| 8:19 | Create | Villager (Male) |
| 9:32 | Create | Villager (Male) |
| 10:04 | Create | Villager (Male) |
| 11:23 | Build | Lumber Camp |
| 11:42 | Build | Mill |
| 11:58 | Research | Feudal Age |
| 14:08 | Age | Feudal Age |
| 14:20 | Build | Barracks |
| 14:27 | Build | Barracks |
| 14:36 | Research | Wheelbarrow |
| 14:39 | Research | Double-Bit Axe |
| 14:44 | Research | Horse Collar |
| 16:14 | Build | Market |
| 16:30 | Build | Farm |
| 16:55 | Build | Farm |
| 16:58 | Build | Farm |
| 17:26 | Build | Farm |
| 17:33 | Build | Farm |
| 17:59 | Build | Blacksmith |
| 18:33 | Build | Archery Range |
| 18:43 | Create | Villager (Male) |
| 18:43 | Create | Villager (Male) |
| 18:59 | Build | Mining Camp |
| 19:35 | Build | Mining Camp |
| 19:43 | Create | Villager (Male) |
| 20:01 | Build | Stable |
| 20:06 | Research | Man-at-Arms (upgrade) |
| 20:18 | Create | Villager (Male) |
| 20:53 | Create | Villager (Male) |
| 21:19 | Create | Villager (Male) |
| 22:10 | Research | Gold Mining |
| 22:22 | Research | Stone Mining |
| 22:33 | Research | Castle Age |
| 22:55 | Build | Stone Wall |
| 24:25 | Create | Trade Cart |
| 25:06 | Create | Militia |
| 25:07 | Create | Militia |
| 25:07 | Create | Militia |
| 25:11 | Create | Archer |
| 25:11 | Create | Archer |
| 25:13 | Age | Castle Age |
| 25:17 | Create | Knight |
| 25:24 | Create | Knight |
| 25:45 | Research | Scale Mail Armor |
| 26:18 | Build | Stable |
| 26:35 | Research | Bloodlines |
| 26:44 | Create | Knight |
| 27:12 | Create | Trade Cart |
| 27:22 | Build | Town Center |
| 27:32 | Build | Town Center |
| 27:51 | Research | Heavy Plow |
| 28:16 | Create | Villager (Male) |
| 29:04 | Create | Trade Cart |
| 29:06 | Create | Trade Cart |
| 29:14 | Build | Farm |
| 29:18 | Create | Villager (Male) |
| 29:19 | Create | Villager (Male) |
| 29:40 | Create | Villager (Male) |
| 30:11 | Build | Farm |
| 30:15 | Build | Farm |
| 30:19 | Build | Farm |
| 30:26 | Create | Villager (Male) |
| 30:27 | Create | Villager (Male) |
| 30:35 | Create | Villager (Male) |
| 30:59 | Create | Knight |
| 31:08 | Build | Farm |
| 31:11 | Build | Farm |
| 31:15 | Build | Farm |
| 31:22 | Create | Trade Cart |
| 31:25 | Create | Trade Cart |
| 31:38 | Research | Scale Barding Armor |
| 32:17 | Research | Husbandry |
| 33:29 | Create | Knight |
| 33:30 | Create | Knight |
| 33:32 | Create | Knight |
| 33:33 | Create | Knight |
| 33:57 | Research | Chain Barding Armor |
| 34:04 | Create | Villager (Male) |
| 34:04 | Create | Villager (Male) |
| 34:09 | Create | Villager (Male) |
| 34:45 | Build | Castle |
| 35:03 | Research | Forging |
| 35:12 | Build | Farm |
| 35:16 | Build | Farm |
| 35:21 | Build | Farm |
| 35:29 | Create | Villager (Male) |
| 35:29 | Create | Villager (Male) |
| 35:30 | Create | Villager (Male) |
| 35:38 | Create | Trade Cart |
| 35:39 | Create | Trade Cart |
| 35:55 | Research | Caravan |
| 35:58 | Create | Trade Cart |
| 35:58 | Create | Trade Cart |
| 35:59 | Create | Trade Cart |
| 36:17 | Create | Villager (Male) |
| 36:17 | Create | Villager (Male) |
| 36:18 | Create | Villager (Male) |
| 36:21 | Create | Villager (Male) |
| 37:11 | Build | Mining Camp |
| 37:24 | Build | Farm |
| 37:29 | Build | Farm |
| 37:33 | Build | Farm |
| 37:37 | Build | Farm |
| 37:43 | Research | Hand Cart |
| 37:45 | Research | Town Watch |
| 37:57 | Research | Tech 455 |
| 38:10 | Build | Farm |
| 38:12 | Build | Farm |
| 38:14 | Build | Farm |
| 38:16 | Build | Farm |
| 39:30 | Create | Boyar |
| 39:45 | Create | Boyar |
| 40:00 | Create | Boyar |
| 40:15 | Research | Imperial Age |
| 40:20 | Create | Boyar |
| 40:40 | Create | Boyar |
| 40:41 | Create | Boyar |
| 41:22 | Research | Iron Casting |
| 41:39 | Create | Boyar |
| 41:40 | Create | Boyar |
| 41:50 | Create | Villager (Male) |
| 41:51 | Create | Villager (Male) |
| 41:51 | Create | Villager (Male) |
| 41:52 | Create | Villager (Male) |
| 41:52 | Create | Villager (Male) |
Build order — PapaJohnAppreciatesYa
First 150 of 381 actions detected
| 0:03 | Build | House |
| 0:04 | Create | Villager (Male) |
| 0:04 | Create | Villager (Male) |
| 0:04 | Create | Villager (Male) |
| 0:04 | Create | Villager (Male) |
| 0:04 | Create | Villager (Male) |
| 0:05 | Build | House |
| 1:56 | Build | Lumber Camp |
| 1:57 | Create | Villager (Male) |
| 1:58 | Create | Villager (Male) |
| 1:58 | Create | Villager (Male) |
| 2:41 | Create | Villager (Male) |
| 2:41 | Create | Villager (Male) |
| 3:03 | Create | Villager (Male) |
| 3:03 | Create | Villager (Male) |
| 3:20 | Create | Villager (Male) |
| 3:20 | Create | Villager (Male) |
| 3:26 | Build | House |
| 4:09 | Create | Villager (Male) |
| 4:16 | Build | Farm |
| 4:29 | Create | Villager (Male) |
| 4:39 | Build | Mill |
| 4:47 | Create | Villager (Male) |
| 5:16 | Create | Villager (Male) |
| 5:41 | Create | Villager (Male) |
| 5:41 | Create | Villager (Male) |
| 6:11 | Build | House |
| 6:17 | Create | Villager (Male) |
| 6:17 | Create | Villager (Male) |
| 6:17 | Create | Villager (Male) |
| 6:29 | Create | Villager (Male) |
| 6:47 | Create | Villager (Male) |
| 7:02 | Create | Villager (Male) |
| 7:30 | Create | Villager (Male) |
| 8:00 | Build | House |
| 8:20 | Create | Villager (Male) |
| 9:13 | Research | Feudal Age |
| 10:29 | Build | Mining Camp |
| 11:13 | Build | Farm |
| 11:13 | Build | Farm |
| 11:13 | Build | Farm |
| 11:13 | Build | Farm |
| 11:13 | Build | Farm |
| 11:14 | Build | Farm |
| 11:14 | Build | Farm |
| 11:15 | Build | Farm |
| 11:15 | Build | Farm |
| 11:15 | Build | Farm |
| 11:15 | Build | Farm |
| 11:15 | Build | Farm |
| 11:16 | Build | Farm |
| 11:16 | Build | Farm |
| 11:17 | Build | Farm |
| 11:17 | Build | Farm |
| 11:18 | Build | Farm |
| 11:18 | Build | Farm |
| 11:23 | Age | Feudal Age |
| 11:54 | Build | Mining Camp |
| 13:18 | Research | Castle Age |
| 13:18 | Research | Castle Age |
| 13:54 | Research | Double-Bit Axe |
| 14:55 | Create | Villager (Male) |
| 15:00 | Research | Wheelbarrow |
| 15:58 | Age | Castle Age |
| 16:22 | Build | Town Center |
| 16:43 | Create | Villager (Male) |
| 16:56 | Build | Town Center |
| 17:20 | Create | Villager (Male) |
| 17:29 | Research | Stone Mining |
| 17:30 | Research | Gold Mining |
| 17:35 | Research | Horse Collar |
| 18:05 | Create | Villager (Male) |
| 18:06 | Create | Villager (Male) |
| 18:06 | Create | Villager (Male) |
| 18:42 | Build | Farm |
| 18:46 | Build | Farm |
| 19:11 | Create | Villager (Male) |
| 19:12 | Create | Villager (Male) |
| 19:28 | Create | Villager (Male) |
| 19:28 | Create | Villager (Male) |
| 19:43 | Build | Farm |
| 19:49 | Create | Villager (Male) |
| 19:49 | Create | Villager (Male) |
| 19:49 | Create | Villager (Male) |
| 19:50 | Create | Villager (Male) |
| 19:50 | Create | Villager (Male) |
| 20:03 | Research | Bow Saw |
| 20:03 | Research | Bow Saw |
| 21:07 | Build | Farm |
| 21:10 | Build | Farm |
| 21:57 | Build | Lumber Camp |
| 21:59 | Create | Villager (Male) |
| 21:59 | Create | Villager (Male) |
| 21:59 | Create | Villager (Male) |
| 21:59 | Create | Villager (Male) |
| 22:00 | Create | Villager (Male) |
| 22:00 | Create | Villager (Male) |
| 22:13 | Build | House |
| 22:13 | Build | House |
| 22:13 | Build | House |
| 22:14 | Build | House |
| 22:14 | Build | House |
| 22:14 | Build | House |
| 22:14 | Build | House |
| 22:37 | Research | Stone Mining |
| 22:48 | Create | Villager (Male) |
| 22:48 | Create | Villager (Male) |
| 23:25 | Build | Castle |
| 23:42 | Create | Villager (Male) |
| 23:43 | Create | Villager (Male) |
| 23:43 | Create | Villager (Male) |
| 23:43 | Create | Villager (Male) |
| 23:43 | Create | Villager (Male) |
| 23:43 | Create | Villager (Male) |
| 23:44 | Create | Villager (Male) |
| 23:53 | Build | House |
| 23:54 | Build | House |
| 23:54 | Build | House |
| 23:54 | Build | House |
| 23:54 | Build | House |
| 23:55 | Build | House |
| 23:55 | Build | House |
| 23:55 | Build | House |
| 23:55 | Build | House |
| 23:56 | Build | House |
| 23:56 | Build | House |
| 24:36 | Build | Town Center |
| 24:44 | Create | Villager (Male) |
| 24:44 | Create | Villager (Male) |
| 24:44 | Create | Villager (Male) |
| 24:44 | Create | Villager (Male) |
| 24:45 | Create | Villager (Male) |
| 24:45 | Create | Villager (Male) |
| 25:26 | Create | Villager (Male) |
| 25:26 | Create | Villager (Male) |
| 25:26 | Create | Villager (Male) |
| 25:42 | Create | Villager (Male) |
| 25:42 | Create | Villager (Male) |
| 25:43 | Create | Villager (Male) |
| 26:01 | Create | Villager (Male) |
| 26:01 | Create | Villager (Male) |
| 26:18 | Build | Farm |
| 26:18 | Build | Farm |
| 26:19 | Build | Farm |
| 26:19 | Build | Farm |
| 26:19 | Build | Farm |
| 26:19 | Build | Farm |
| 26:19 | Build | Farm |
| 26:20 | Build | Farm |
| 26:20 | Build | Farm |
Match timeline
| 10:21 | jpgoicochea6 · first_building Barracks |
| 10:44 | Топор_в_гитаре · age_up feudal |
| 11:13 | Топор_в_гитаре · wall_segment Palisade Wall x5 |
| 11:23 | PapaJohnAppreciatesYa · age_up feudal |
| 11:42 | kenyi.yoshino · age_up feudal |
| 12:35 | Топор_в_гитаре · wall_segment Palisade Wall x4 |
| 13:19 | jpgoicochea6 · age_up feudal |
| 13:21 | d.riverariveros · age_up feudal |
| 13:25 | Olkkeu. · age_up feudal |
| 14:07 | d.riverariveros · first_building Barracks |
| 14:08 | snogivgolovu · age_up feudal |
| 14:20 | snogivgolovu · first_building Barracks |
| 15:12 | d.riverariveros · first_building Archery Range |
| 15:58 | PapaJohnAppreciatesYa · age_up castle |
| 16:15 | kenyi.yoshino · first_building Barracks |
| 16:28 | jpgoicochea6 · first_building Archery Range |
| 16:34 | d.riverariveros · first_market_buy 100 food |
| 17:48 | kenyi.yoshino · first_building Stable |
| 18:04 | kenyi.yoshino · age_up castle |
| 18:12 | MC0LEE · age_up feudal |
| 18:33 | snogivgolovu · first_building Archery Range |
| 19:20 | d.riverariveros · age_up castle |
| 19:39 | Olkkeu. · age_up castle |
| 20:01 | snogivgolovu · first_building Stable |
| 20:09 | d.riverariveros · first_building Castle |
| 20:52 | MC0LEE · age_up castle |
| 20:54 | Топор_в_гитаре · first_building Barracks |
| 22:14 | jpgoicochea6 · age_up castle |
| 22:20 | jpgoicochea6 · first_building Monastery |
| 22:31 | kenyi.yoshino · first_building Siege Workshop |
| 22:55 | snogivgolovu · wall_segment Stone Wall x12 |
| 23:00 | jpgoicochea6 · first_building Siege Workshop |
| 23:25 | PapaJohnAppreciatesYa · first_building Castle |
| 23:49 | Топор_в_гитаре · first_building Archery Range |
| 25:13 | snogivgolovu · age_up castle |
| 26:41 | Топор_в_гитаре · age_up castle |
| 26:44 | jpgoicochea6 · first_market_sell 500 stone |
| 27:01 | Топор_в_гитаре · first_market_buy 100 wood |
| 27:13 | Olkkeu. · first_building Barracks |
| 27:31 | PapaJohnAppreciatesYa · first_building Stable |
| 28:12 | d.riverariveros · first_building Siege Workshop |
| 28:23 | jpgoicochea6 · age_up imperial |
| 29:01 | Olkkeu. · first_building Archery Range |
| 29:53 | Топор_в_гитаре · first_building Stable |
| 30:01 | Топор_в_гитаре · first_building Castle |
| 31:16 | PapaJohnAppreciatesYa · wall_segment Stone Wall x28 |
| 31:34 | PapaJohnAppreciatesYa · wall_segment Stone Wall x17 |
| 31:36 | MC0LEE · first_building Castle |
| 31:55 | kenyi.yoshino · first_building Castle |
| 33:07 | Olkkeu. · first_building Castle |
| 33:15 | kenyi.yoshino · age_up imperial |
| 33:20 | kenyi.yoshino · first_building Archery Range |
| 33:41 | PapaJohnAppreciatesYa · first_building Monastery |
| 33:58 | MC0LEE · age_up imperial |
| 34:34 | MC0LEE · first_building Stable |
| 34:45 | snogivgolovu · first_building Castle |
| 34:47 | d.riverariveros · first_building Stable |
| 35:30 | MC0LEE · first_market_sell 100 wood |
| 35:34 | PapaJohnAppreciatesYa · wall_segment Stone Wall x19 |
| 36:19 | PapaJohnAppreciatesYa · first_market_sell 500 wood |
| 36:45 | PapaJohnAppreciatesYa · wall_segment Stone Wall x10 |
| 37:39 | d.riverariveros · age_up imperial |
| 39:37 | PapaJohnAppreciatesYa · age_up imperial |
| 39:51 | PapaJohnAppreciatesYa · first_building Barracks |
| 40:58 | Olkkeu. · age_up imperial |
| 42:58 | d.riverariveros · wall_segment Stone Wall x11 |
| 43:25 | snogivgolovu · age_up imperial |
| 43:29 | PapaJohnAppreciatesYa · first_market_buy 100 stone |
| 46:04 | d.riverariveros · wall_segment Stone Wall x22 |
| 46:32 | Olkkeu. · first_building Siege Workshop |
| 48:40 | Топор_в_гитаре · age_up imperial |
| 49:01 | MC0LEE · tribute_sent a jugador 1 |
| 49:01 | MC0LEE · tribute_sent a jugador 2 |
| 49:01 | MC0LEE · tribute_sent a jugador 4 |
| 49:01 | MC0LEE · tribute_sent a jugador 5 |
| 49:01 | MC0LEE · tribute_sent a jugador 6 |
| 49:01 | MC0LEE · tribute_sent a jugador 7 |
| 49:01 | MC0LEE · tribute_sent a jugador 8 |
| 50:31 | Olkkeu. · resign |
| 53:00 | Топор_в_гитаре · tribute_sent a jugador 2 |
| 53:00 | Топор_в_гитаре · tribute_sent a jugador 3 |
| 53:00 | Топор_в_гитаре · tribute_sent a jugador 4 |
| 53:00 | Топор_в_гитаре · tribute_sent a jugador 5 |
| 53:00 | Топор_в_гитаре · tribute_sent a jugador 6 |
| 53:00 | Топор_в_гитаре · tribute_sent a jugador 7 |
| 53:00 | Топор_в_гитаре · tribute_sent a jugador 8 |
| 55:28 | MC0LEE · first_building Barracks |
[ AI ANALYSIS · 1 CREDIT ]
What really happened in this match?
Wolo.gg analyzes every decision: build order, eco, micro, common mistakes by bracket. Personalized analysis on WhatsApp or Discord in 30 seconds.
Civ guide
Persians
Map guide
Arena
Perfil
kenyi.yoshino